 Dungeon Crawl Stone Soup version 0.28.0-62-gf88900778d (webtiles) character file.

Game seed: 153701185388963889

1025 cbfl8 the Spear-Bearer (level 8, -5/93 HPs)
             Began as a Merfolk Berserker on June 25, 2023.
             Was a Priest of Trog.
             Killed by divine providence
             ... invoked by an orc priest
              (16 damage)
             ... on level 5 of the Dungeon.
             The game lasted 00:04:27 (5224 turns).

cbfl8 the Spear-Bearer (Merfolk Berserker)          Turns: 5224, Time: 00:04:28

Health: -5/93      AC:  6    Str: 17    XL:     8   Next: 23%
Magic:  8/8        EV: 14    Int:  6    God:    Trog [***...]
Gold:   232        SH:  0    Dex: 16    Spells: 7/7 levels left

rFire   + . .      SeeInvis .   j - +4 spear (venom)
rCold   . . .      Faith    .   (no shield)
rNeg    . . .      Spirit   .   d - +0 leather armour {rC+}
rPois   .          Reflect  .   c - +0 helmet
rElec   .          Harm     .   (no cloak)
rCorr   .          Rampage  .   i - +1 pair of gloves
Will    .....                   (no boots)
Stlth   ..........              (no amulet)
HPRegen 0.25/turn               h - ring of fire
MPRegen 0.11/turn               (no ring)

@: berserking, very quick
A: (nimble swimmer 2), mertail
a: Renounce Religion, Berserk, Trog's Hand


You were on level 5 of the Dungeon.
You worshipped Trog.
Trog was most pleased with you.
You visited 1 branch of the dungeon, and saw 5 of its levels.

You collected 232 gold pieces.

Inventory:

Hand Weapons
 j - a +4 spear of venom (weapon)
Armour
 c - a +0 helmet (worn)
 d - a +0 leather armour of cold resistance (worn)
 i - a +1 pair of gloves (worn)
Jewellery
 h - a ring of fire (left hand)
Scrolls
 f - 2 scrolls of magic mapping
Potions
 a - a potion of curing {unknown}
 b - a potion of mutation {unknown}
 e - a potion of heal wounds {unknown}
 k - 2 potions of brilliance {unknown}


   Skills:
 + Level 5.1 Fighting
 + Level 8.7 Polearms
 + Level 2.3 Armour
 + Level 4.9 Dodging
 + Level 3.4 Stealth
 * Level 4.1 Evocations


You had 7 spell levels left.
You didn't know any spells.
Your spell library was empty.

Dungeon Overview and Level Annotations

Branches:
Dungeon (5/15)             Temple (0/1) D:4

Altars:

Shops:
D:4 *


Innate Abilities, Weirdness & Mutations

((You are very nimble when in or above water. (Stealth+, EV+, Speed+++)))
Your lower body shifts to a powerful aquatic tail in water.


Message History

The orc hits you with a +0 hand axe. The scorpion barely misses you.
The orc barely misses you. The shadow imp closely misses you.
The orc priest calls down the wrath of Beogh upon you.
Beogh smites you! The orc hits you but does no damage.
You closely miss the orc. The scorpion stings you.
The orc hits you with a +0 hand axe.
You puncture the orc!
You kill the orc!
Trog accepts your kill. The shadow imp misses you.
The orc hits you but does no damage.
You hit the scorpion.
The scorpion is poisoned.
The scorpion is lightly wounded.
The scorpion closely misses you. The orc closely misses you.
You barely miss the scorpion.
The scorpion is lightly wounded.
The orc misses you.
The shadow imp shouts, "Slither away, thou tottering shard-borne mish-mash!"
The shadow imp completely misses you.
The orc warrior hits you with a +0 short sword.
You closely miss the scorpion.
The scorpion is moderately wounded.
The scorpion stings you!
* * * LOW HITPOINT WARNING * * *
You puncture the scorpion!
You kill the scorpion!
Trog accepts your kill. The orc hits you with a +0 hand axe.
* * * LOW HITPOINT WARNING * * *
The orc barely misses you. The shadow imp misses you.
The orc hits you with a +0 falchion!
* * * LOW HITPOINT WARNING * * *
The orc warrior barely misses you.
You puncture the orc warrior!
The orc warrior is poisoned.
The orc warrior is heavily wounded.
You hit the orc warrior.
The orc warrior looks as sick as possible!
The orc warrior is heavily wounded.
The orc priest calls down the wrath of Beogh upon you.
Beogh smites you!
You die...

.......##
.......#
#......##
.......##
#.......###
#..o.......
#5oo......
#o@....... ..
##.o.###.. #..
#...## #...
#..## .#..#
##..# #....#
##...#
......###....##
.##.>.........##
..#............#


You could see an orc warrior (extremely poisoned), an orc priest, a shadow imp
and 3 orcs.

Vanquished Creatures
  Grinder (D:4)
  A necrophage (D:4)
  A centaur (D:5)
  A phantom (D:3)
  2 scorpions (D:5)
  A wyvern skeleton (D:4)
  3 hounds (D:4)
  An orc priest (D:4)
  An iguana (D:4)
  An orc wizard (D:5)
  A hound skeleton (D:4)
  8 gnolls
  4 adders
  3 worms
  8 dart slugs (D:5)
  5 orcs
  12 endoplasms
  A giant cockroach (D:2)
  6 goblins
  8 hobgoblins
  4 quokkas
  4 ball pythons
  7 bats
  8 kobolds
  6 rats
98 creatures vanquished.

Vanquished Creatures (others)
  4 plants (D:4)
4 creatures vanquished.

Grand Total: 102 creatures vanquished

Notes
Turn   | Place    | Note
-------+----------+-------------------------------------------
     0 | D:1      | cbfl8 the Merfolk Berserker began the quest for the Orb.
     0 | D:1      | Reached XP level 1. HP: 18/18 MP: 1/1
   257 | D:1      | Reached XP level 2. HP: 25/25 MP: 2/2
  1116 | D:2      | Reached skill level 5 in Polearms
  1116 | D:2      | Reached XP level 3. HP: 30/30 MP: 3/3
  1146 | D:2      | Reached ** piety under Trog
  1423 | D:2      | Reached skill level 1 in Stealth
  1800 | D:2      | Reached skill level 1 in Evocations
  1800 | D:2      | Reached XP level 4. HP: 37/37 MP: 4/4
  2050 | D:2      | Found a faded altar of an unknown god.
  2214 | D:2      | Reached skill level 6 in Polearms
  2457 | D:3      | Noticed a phantom
  2466 | D:3      | Killed a phantom
  2467 | D:3      | Reached XP level 5. HP: 42/42 MP: 5/5
  3473 | D:4      | Reached XP level 6. HP: 35/48 MP: 6/6
  3479 | D:4      | Found Ujuf's General Store.
  3863 | D:4      | Found a staircase to the Ecumenical Temple.
  3960 | D:4      | Noticed Grinder
  3979 | D:4      | Paralysed by Grinder for 4 turns
  3988 | D:4      | Killed Grinder
  3989 | D:4      | Reached skill level 7 in Polearms
  3989 | D:4      | Reached XP level 7. HP: 6/55 MP: 7/7
  4860 | D:4      | Reached skill level 8 in Polearms
  5069 | D:5      | Entered Level 5 of the Dungeon
  5088 | D:5      | Reached skill level 5 in Fighting
  5088 | D:5      | Reached XP level 8. HP: 61/62 MP: 8/8
  5115 | D:5      | Reached *** piety under Trog
  5224 | D:5      | Killed from afar by an orc priest

Illustrated notes

Levels and vault maps discovered:
D:1:      wander_arrival_lonely_grave, layout_basic
D:2:      layout_loops_ring, hellmonk_ecumenical_altar_heavens_door
D:3:      layout_basic
D:4:      cheibrodos_old_hovel, layout_loops_ring, minmay_temple_entry_grid,
          serial_shops, shop, cheibrodos_gnoll_hut, uniq_grinder
D:5:      kennysheep_slugbush, layout_layer_cave, hangedman_decor_points,
          uniq_eustachio

Skill      XL: |  1  2  3  4  5  6  7  8 |
---------------+-------------------------+-----
Polearms       | 5 6 7 8 |  8.7
Stealth        | 1 2 3 |  3.4
Evocations     | 1 2 3 4 |  4.1
Dodging        | 3 4 |  4.9
Fighting       | 4 5 |  5.1
Armour         | 2 |  2.3

Action                   |  1- 3 |  4- 6 |  7- 9 || total
-------------------------+-------+-------+-------++-------
Melee: Spear             |   127 |   153 |   114 ||   394
       Punch             |       |     2 |     1 ||     3
Invok: Berserk           |     2 |     2 |     1 ||     5
       Trog's Hand       |     1 |     1 |       ||     2
  Use: Scroll            |     2 |     1 |     3 ||     6
 Stab: Sleeping          |     2 |     5 |     6 ||    13
Armor: Animal skin       |    16 |    17 |       ||    33
       Leather armour    |       |    10 |    14 ||    24
Dodge: Dodged            |    66 |    61 |    71 ||   198
